Map: Cyber Forest LE

Players

Throwfordays - Winner!

  • Race: Protoss Protoss
  • League: Bronze
  • Spawn Location: 5:00

TRoytheRuler

  • Race: Protoss Protoss
  • Spawn Location: 11:00

VOD

Have the link to the VOD?

Description

Time

  • Played on: Jan. 22, 2019, 8:50 p.m.
  • Length: 7:01
Show
View Real Time Build Order
Export as new Build Order

Throwfordays Protoss - Winner!

Build Orders:  

Get SALT Encoding   

  12  0:00  Probe  
  13  0:13  Probe  
  14  0:19  Pylon  
  14  0:25  Probe  
  15  0:39  Gateway  
  15  0:43  Assimilator, Probe  
  16  0:56  Probe  
  17  1:13  Probe  
  18  1:25  Probe  
  19  1:33  Cybernetics Core  
  19  1:37  Gateway, Probe  
  19  1:39  Warp Gate  
  20  1:44  Assimilator  
  20  1:50  Pylon  
  20  1:56  Probe  
  21  2:08  Probe  
  21  2:13  Nexus  
  22  2:20  Probe  
  22  2:22  Pylon  
  23  2:27  Pylon  
  23  2:33  Probe  
  24  2:38  Stalker  
  26  2:47  Stalker  
  28  3:04  Probe  
  29  3:15  Probe  
  30  3:21  Probe  
  30  3:24  Probe  
  31  3:29  Probe  
  31  3:32  Probe  
  33  3:38  Gateway  
  33  3:39  Probe  
  34  3:42  Probe  
  34  3:46  Gateway  
  36  3:51  Probe  
  36  3:53  Assimilator  
  36  3:54  Protoss Ground Weapons Level 1, Probe  
  38  4:03  Forge, Probe  
  38  4:06  Probe  
  40  4:15  Probe  
  41  4:18  Probe  
  41  4:20  Sentry x2  
  41  4:21  Pylon  
  46  4:24  Pylon  
  46  4:27  Pylon, Probe  
  46  4:31  Pylon  
  47  4:35  Stalker  
  49  4:43  Sentry  
  51  4:49  Twilight Council  
  51  4:54  Gateway  
  51  4:55  Gateway  
  51  4:57  Gateway  
  51  5:00  Probe  
  51  5:04  Adept  
  54  5:07  Adept  
  54  5:13  Probe  
  57  5:23  Stalker x2  
  57  5:25  Probe  
  62  5:33  Adept x2  
  66  5:48  Stalker  
  66  5:49  Stalker x2  
  72  5:55  Pylon  
  70  6:07  Stalker x3  
  70  6:08  Stalker  
  78  6:31  Stalker x5  
  88  6:34  Pylon  
  88  6:35  Zealot x2  
Show
View Real Time Build Order
Export as new Build Order

TRoytheRuler Protoss 

Build Orders: 1 Gate Expand 

Get SALT Encoding   

  12  0:12  Probe  
  13  0:18  Pylon  
  13  0:22  Assimilator  
  13  0:35  Probe  
  14  0:43  Gateway  
  14  0:50  Pylon  
  14  0:55  Probe  
  15  1:07  Probe  
  16  1:19  Probe  
  17  1:33  Nexus  
  17  1:45  Probe  
  18  1:51  Zealot  
  20  1:57  Probe  
  21  2:09  Probe  
  21  2:14  Assimilator  
  22  2:25  Cybernetics Core  
  22  2:27  Forge  
  22  2:34  Pylon  
  22  2:38  Assimilator  
  22  2:53  Zealot  
  24  3:01  Protoss Ground Weapons Level 1  
  24  3:08  Stargate  
  24  3:11  Probe  
  25  3:19  Probe  
  26  3:20  Zealot  
  26  3:23  Probe  
  29  3:31  Probe  
  30  3:47  Stalker  
  32  4:02  Probe  
  33  4:03  Pylon  
  33  4:14  Probe  
  34  4:17  Adept  
  34  4:19  Phoenix  
  34  4:22  Probe  
  39  4:34  Probe  
  40  4:47  Stalker, Probe  
  40  4:52  Fleet Beacon  
  43  5:17  Adept  
  43  5:18  Nexus  
  45  5:33  Probe  
  46  5:39  Probe  
  47  5:45  Probe  
  47  5:47  Carrier  
  54  5:51  Probe  
  49  6:05  Zealot  
Tags
 
League
Bronze
Matchup
PvP
Replay Pack
Multiplayer
Spawn Locations
Cross Positions
Add a new tag
Caveats
  • Supply blocks, unpowered buildings, or Contaminate may cause inaccurate times.
  • Supply counts are checked every 10 seconds.